 Dungeon Crawl Stone Soup version 0.30-a0-782-ge64f9170bb (console) character file.

Game seed: 2990756789372899946

6001 utis the Spear-Bearer (level 10, -1/56 (61) HPs)
             Began as a Tengu Wanderer on Feb 26, 2023.
             Slain by a gnoll
             ... wielding a +1 halberd of electrocution
              (16 damage)
             ... in a bailey.
             The game lasted 00:35:20 (14158 turns).

utis the Spear-Bearer (Tengu Wanderer)             Turns: 14158, Time: 00:35:21

HP:   -1/56 (61)    AC: 19    Str: 18    XL:     10   Next: 85%
MP:   12/12         EV: 11    Int: 15    God:
Gold: 625           SH:  0    Dex: 10    Spells: 11/11 levels left

rFire   . . .      SeeInvis .    a - +2 halberd (elec)
rCold   . . .      Faith    .    (shield currently unavailable)
rNeg    . . .      Spirit   .    w - +0 chain mail
rPois   .          Reflect  .    (helmet restricted)
rElec   .          Harm     .    (no cloak)
rCorr   .          Rampage  .    (no gloves)
Will    .....                    (boots unavailable) Stlth
                                 (no amulet)
HPRegen 0.29/turn                o - +4 ring of protection
MPRegen 0.13/turn                O - +4 ring of protection

@: flying quickly and evasively, drained, quick
A: beak, talons 3, nimble flight
a: no special abilities


You were in a bailey.
You visited 1 branch of the dungeon, and saw 9 of its levels.
You also visited: Sewer and Bailey.

You collected 625 gold pieces.

Inventory:

Hand Weapons
 a - a +2 halberd of electrocution (weapon)
 s - a +0 hand axe of venom
 A - a +0 halberd
 B - a +0 mace
 D - a +3 halberd
 I - a +0 halberd of draining
 N - a +1 halberd of draining
 P - a +0 whip of electrocution
 Q - a +0 halberd of electrocution
Missiles
 l - 39 stones (quivered)
 m - 26 poisoned darts
 E - 2 throwing nets {=f}
Armour
 b - a +2 scale mail
 w - a +0 chain mail (worn)
Magical Staves
 h - a staff of fire
 x - a staff of poison {!a}
Jewellery
 g - a ring of willpower
 o - a +4 ring of protection (left hand)
 v - a ring of see invisible
 F - a ring of fire
 H - an amulet of faith {!P}
 O - a +4 ring of protection (right hand)
Wands
 z - a wand of mindburst (9)
 J - a wand of iceblast (5)
 L - a wand of flame (6)
Scrolls
 f - 4 scrolls of teleportation {@r4}
 i - 4 scrolls of blinking
 j - 2 scrolls of immolation
 k - 3 scrolls of poison
 u - a scroll of enchant armour
 y - 2 scrolls of amnesia
 M - 3 scrolls of noise
Potions
 c - 3 potions of lignification
 d - a potion of heal wounds {@q2}
 e - 5 potions of curing {@q1}
 n - a potion of might
 p - 3 potions of cancellation
 q - 3 potions of attraction
 r - 2 potions of haste {@q3}
 t - 2 potions of invisibility
 G - 2 potions of magic
 K - 4 potions of ambrosia
Miscellaneous
 C - a piece from Xom's chessboard (15/15)


   Skills:
 + Level 6.4 Fighting
 - Level 3.2 Maces & Flails
 + Level 11.8 Polearms
 - Level 3.0 Throwing
 + Level 8.3 Armour
 + Level 7.0 Dodging
 - Level 3.0 Stealth
 - Level 1.0 Spellcasting


You had 11 spell levels left.
You didn't know any spells.
Your spell library contained the following spells:

 Spells                   Type           Power      Damage    Failure   Level
 Slow                     Hex            0%         N/A       93%         1
 Blink                    Tloc           0%         N/A       98%         2
 Ensorcelled Hibernation  Hex/Ice        0%         N/A       98%         2
 Lesser Beckoning         Tloc           0%         N/A       98%         2
 Momentum Strike          Conj/Tloc      0%         3d8       98%         2
 Sublimation of Blood     Necr           0%         N/A       98%         2
 Confusing Touch          Hex            0%         N/A       100%        3
 Ignite Poison            Fire/Tmut/Pois 0%         N/A       100%        3
 Spider Form              Tmut/Pois      0%         N/A       100%        3
 Vampiric Draining        Necr           0%         2d6       100%        3
 Anguish                  Hex/Necr       0%         N/A       100%        4
 Ice Form                 Ice/Tmut       0%         N/A       100%        4
 Petrify                  Tmut/Erth      0%         N/A       100%        4
 Irradiate                Conj/Tmut      0%         3d11      100%        5
 Necromutation            Tmut/Necr      0%         N/A       100%        8


Dungeon Overview and Level Annotations

Branches:
Dungeon (9/15)             Temple (0/1) D:6           Sewer (visited)
 Bailey (1/1)
   Lair: D:8-11         Orc: D:9-12

Altars:
Ashenzari
Gozag
Sif Muna
Uskayaw
The Shining One


Innate Abilities, Weirdness & Mutations

You have a beak for a mouth.
You have claws for feet.
Your magical nature lets you fly swiftly and evasively.


Message History

The gnoll hits you from afar with a +2 halberd of electrocution!
* * * LOW HITPOINT WARNING * * *
The gnoll completely misses you.
Unknown command.
Throw: 43 stones
Press: ? - help, Q - select action, (/) - cycle Shift-Dir - straight line, f/p - gnoll
Aim: a gnoll, wielding a +2 halberd of electrocution (lightly wounded, 64% to hit)
You throw a stone.
The stone hits the gnoll but does no damage.
The gnoll is lightly wounded.
The gnoll completely misses you. The gnoll barely misses you.
Throw: 42 stones
Press: ? - help, Q - select action, (/) - cycle Shift-Dir - straight line, f/p - gnoll
Aim: a gnoll, wielding a +2 halberd of electrocution (lightly wounded, 64% to hit)
You throw a stone. The stone completely misses the gnoll.
The gnoll barely misses you. The gnoll closely misses you.
Throw: 41 stones
Press: ? - help, Q - select action, (/) - cycle Shift-Dir - straight line, f/p - gnoll
Aim: a gnoll, wielding a +2 halberd of electrocution (lightly wounded, 64% to hit)
You throw a stone.
The stone hits the gnoll but does no damage.
The gnoll is lightly wounded.
The gnoll hits you but does no damage. The gnoll closely misses you.
Throw: 40 stones
Press: ? - help, Q - select action, (/) - cycle Shift-Dir - straight line, f/p - gnoll
Aim: a gnoll, wielding a +2 halberd of electrocution (lightly wounded, 64% to hit)
You throw a stone.
The stone hits the gnoll but does no damage.
The gnoll is lightly wounded.
The gnoll hits you from afar with a +2 halberd of electrocution.
* * * LOW HITPOINT WARNING * * *
The gnoll closely misses you.
Unknown command.
You feel much better.
The gnoll hits you from afar with a +2 halberd of electrocution.
* * * LOW HITPOINT WARNING * * *
You are electrocuted!
* * * LOW HITPOINT WARNING * * *
The gnoll hits you but does no damage.
You are electrocuted!
You die...

▒▒g....▒▒ ▒. !.!▒
▒▒'▒▒'▒▒'▒▒▒'▒ o▒▒+
▒.▒▒▒.▒▒▒.▒.▒ ▒)▒ ▒▒▒
▒▒▒▒▒ ▒▒▒ ▒▒▒
▒)▒▒▒)▒▒▒)▒÷▒▒▒.▒▒▒)▒
▒▒)▒▒'▒▒'▒▒▒'▒▒'▒▒'▒▒
▒▒.....▒▒ ▒▒.....▒▒
▒▒▒....g▒▒▒▒▒.....▒▒▒
▒.'..⌠.g'Q▒)'..∩..'.▒
▒▒▒.....▒▒▒▒▒....)▒▒▒
▒▒.....▒▒ ▒▒.....▒▒
▒▒'▒▒'▒▒'▒▒▒'▒▒'▒▒'▒▒
▒)▒▒▒)▒▒▒.'.▒▒▒)▒▒▒∩▒
▒▒▒ ▒▒▒ ▒▒▒▒▒ ▒▒▒ ▒▒▒


You could see 2 gnolls.

Vanquished Creatures
  Pikel (D:4)
  A hornet (D:9)
  A wraith (D:9)
  9 yaks (D:7)
  2 wyverns (D:9)
  Menkaure (D:6)
  A water moccasin (D:6)
  5 orc warriors
  3 sky beasts (D:7)
  2 black bears
  An ice beast (D:5)
  A phantom (D:4)
  A lemure (D:4)
  2 kobold brigands
  A necrophage (D:7)
  2 bullfrogs
  7 scorpions
  9 wights
  2 jellies
  3 orc priests
  5 hounds
  A gnoll bouda (D:4)
  Jessica (D:3)
  3 iguanas (D:5)
  4 orc wizards
  12 adders
  24 gnolls
  3 river rats (Sewer)
  A shadow imp (D:7)
  2 white imps
  4 dart slugs
  3 worms
  38 orcs
  9 endoplasms
  11 giant cockroaches
  5 hobgoblins
  11 jackals
  22 kobolds
  9 quokkas
  19 ball pythons
  14 bats
  10 frilled lizards
  3 goblins
  5 rats
274 creatures vanquished.

Vanquished Creatures (others)
  4 fungi (D:4)
  5 toadstools (D:4)
9 creatures vanquished.

Grand Total: 283 creatures vanquished

Notes
Turn   | Place    | Note
-------+----------+-------------------------------------------
     0 | D:1      | utis the Tengu Wanderer began the quest for the Orb.
     0 | D:1      | utis set off with the following items: a +0 mace, a +2
                  | scale mail, a potion of lignification, a potion of heal
                  | wounds {@q2}.
     0 | D:1      | Reached XP level 1. HP: 10/10 MP: 3/3
   815 | D:1      | Reached skill level 1 in Fighting
   815 | D:1      | Reached XP level 2. HP: 14/16 MP: 4/4
   948 | D:1      | Reached XP level 3. HP: 8/20 MP: 5/5
  1428 | D:1      | Found a faded altar of an unknown god.
  2059 | D:2      | Reached XP level 4. HP: 26/26 MP: 6/6
  2937 | D:3      | Found a glowing golden altar of the Shining One.
  3197 | D:3      | Gained mutation: Your magical nature lets you fly swiftly
                  | and evasively. [Tengu growth]
  3197 | D:3      | Reached XP level 5. HP: 32/32 MP: 7/7
  3841 | D:3      | Noticed Jessica
  3853 | D:3      | Killed Jessica
  3991 | D:4      | Reached skill level 1 in Throwing
  3991 | D:4      | Reached skill level 1 in Stealth
  4153 | D:4      | Reached XP level 6. HP: 37/37 MP: 8/8
  4326 | D:4      | Found a glowing drain.
  4339 | Sewer    | Entered a sewer
  4470 | Sewer    | Reached XP level 7. HP: 40/41 MP: 9/9
  5883 | D:5      | Entered Level 5 of the Dungeon
  6226 | D:5      | Reached skill level 5 in Dodging
  6226 | D:5      | Reached XP level 8. HP: 28/48 MP: 10/10
  7225 | D:5      | Reached skill level 5 in Fighting
  7674 | D:5      | Reached skill level 2 in Polearms
  7862 | D:5      | Reached skill level 3 in Polearms
  8130 | D:5      | Noticed Pikel
  8432 | D:4      | Killed Pikel
  8433 | D:4      | Reached skill level 6 in Polearms
  8433 | D:4      | Reached XP level 9. HP: 36/54 MP: 11/11
  8842 | D:6      | Reached skill level 7 in Polearms
  9140 | D:6      | Reached skill level 8 in Polearms
  9322 | D:6      | Found a staircase to the Ecumenical Temple.
  9385 | D:6      | Noticed Menkaure
  9406 | D:6      | Killed Menkaure
  9407 | D:6      | Reached skill level 9 in Polearms
  9586 | D:6      | Found a broken altar of Ashenzari.
  9591 | D:6      | Identified the +2 robe of Greater Demons {Will+ Str-3
                  | Dex+4}
 10347 | D:7      | Reached skill level 10 in Polearms
 10576 | D:7      | Found an opulent altar of Gozag.
 11161 | D:8      | Found a shimmering blue altar of Sif Muna.
 11335 | D:7      | Reached XP level 10. HP: 59/59 MP: 12/12
 11340 | D:7      | Reached skill level 11 in Polearms
 12346 | D:8      | Noticed a +0 falchion
 12346 | D:8      | Noticed a +0 dagger
 12347 | D:8      | Noticed a +0 spear
 12347 | D:8      | Noticed a +0 dagger
 12347 | D:8      | Noticed a +0 falchion
 12347 | D:8      | Noticed a +0 spear
 12348 | D:8      | Noticed a +0 short sword
 12348 | D:8      | Noticed a +0 short sword
 12521 | D:8      | Noticed an eight-headed hydra
 13021 | D:8      | Found a hide-covered altar of Uskayaw.
 13194 | D:8      | Got the Almanac of Transmogrification
 13615 | D:9      | Found a flagged portal.
 13628 | Bailey   | Entered a bailey
 14158 | Bailey   | Slain by a gnoll

Illustrated notes

Levels and vault maps discovered:
D:1:      dpeg_arrival_castle, layout_rooms, nicolae_ecumenical_lake_church,
          minmay_misc_feat_pillars, chequers_serial_rivers_large_b,
          minmay_misc_feat_ornament
D:2:      layout_basic
D:3:      layout_basic, nicolae_overflow_hidden_temple, uniq_jessica
D:4:      layout_basic, cheibrodos_sewer_entry_sluice,
          minmay_misc_feat_four_crosses, grunt_ministairs_1, nrook_uturn,
          minmay_gold_behind_fungi
D:5:      layout_rooms, hellmonk_bongcloud_opening, uniq_pikel
D:6:      layout_cave_pools, ashenzari_altar_1,
          minmay_temple_entry_statues_pillars, uniq_menkaure
D:7:      layout_loops_corners, grunt_gozag_statues
D:8:      layout_rooms, nicolae_uskayaw_en_pointe, mainiacjoe_overflow_alcove_1,
          serial_corexii_hall, corexii_hall_statues_deadend,
          chequers_hall_statues_y, minmay_three_doors
D:9:      layout_irregular_city, slow_altar_1, enter_bailey_2, st_stairs_4
Bailey:   bailey_polearm_nasty_gnolls, bailey

Skill      XL: |  1  2  3  4  5  6  7  8  9 10 |
---------------+-------------------------------+-----
Fighting       | 1 2 3 4 5 6 |  6.4
Dodging        | 2 3 5 7 |  7.0
Throwing       | 1 2 3 |  3.0
Stealth        | 1 3 |  3.0
Armour         | 6 7 8 |  8.3
Polearms       | 6 10 11 | 11.8
Maces & Flails | |  3.2
Spellcasting   | |  1.0

Action                     |  1- 3 |  4- 6 |  7- 9 | 10-12 || total
---------------------------+-------+-------+-------+-------++-------
  Melee: Mace              |   104 |    85 |       |       ||   189
         Peck              |    14 |    15 |    79 |    44 ||   152
         Kick              |    15 |    30 |   127 |    51 ||   223
         Punch             |     1 |     1 |     4 |       ||     6
         Hand axe          |       |    72 |   199 |     4 ||   275
         Halberd           |       |       |    59 |   201 ||   260
         Whip              |       |       |   175 |       ||   175
  Throw: Stone             |       |     2 |     2 |     9 ||    13
    Use: Scroll            |       |     9 |     5 |     7 ||    21
         Potion            |       |       |       |     2 ||     2
 Armour: Scale mail        |    76 |    70 |    51 |       ||   197
         Chain mail        |       |       |   169 |   106 ||   275
  Dodge: Dodged            |    60 |    90 |   269 |   123 ||   542

Table legend: (Time is in decaauts)
 A = Elapsed time spent in this place.
 B = Non-inter-level travel time spent in this place.
 C = Inter-level travel time spent in this place.
 D = Time resting spent in this place.
 E = Time spent auto-exploring this place.
 F = Levels seen in this place.
 G = Mean time per level.
                   A        B        C        D        E       F      G
               +--------+--------+--------+--------+--------+-----+--------+
         Total |  13732 |  12763 |    969 |   4366 |   5078 |  11 | 1248.4 |
       Dungeon |  12702 |  11733 |    969 |   4149 |   4652 |   9 | 1411.3 |
         Sewer |    526 |    526 |      0 |     28 |    304 |   1 |  526.0 |
        Bailey |    503 |    503 |      0 |    188 |    122 |   1 |  503.0 |
               +--------+--------+--------+--------+--------+-----+--------+

Top non-repeatable levels by time:
     D:4: 2466 daAuts
     D:7: 2015 daAuts
     D:1: 1957 daAuts
     D:5: 1628 daAuts
     D:6: 1256 daAuts
     D:3: 1172 daAuts
     D:2: 1034 daAuts
     D:8: 798 daAuts
   Sewer: 526 daAuts
  Bailey: 503 daAuts
     D:9: 373 daAuts
